 Dungeon Crawl Stone Soup version 0.26.1-2-gb8aa6d0cf2 (webtiles) character file.

Game seed: 6829928624356006470

23 Dustman the Sneak (level 2, -2/24 HPs)
             Began as a Demonspawn Delver on Mar 22, 2021.
             Slain by a hobgoblin
             ... wielding a +0 club
              (3 damage)
             ... on level 1 of the Dungeon.
             The game lasted 00:10:05 (527 turns).

Dustman the Sneak (Demonspawn Delver)                Turns: 527, Time: 00:10:05

Health: -2/24      AC:  3    Str: 12    XL:     2   Next: 72%
Magic:  2/2        EV: 12    Int: 11    God:
Gold:   51         SH:  0    Dex: 16    Spells: 1/1 levels left

rFire    . . .     SeeInvis .     - Unarmed
rCold    . . .     Faith    .   (no shield)
rNeg     . . .     Spirit   .   a - +0 leather armour
rPois    .         Reflect  .   (no helmet)
rElec    .         Harm     .   (no cloak)
rCorr    .         Rampage  .   (no gloves)
Will     .....     Rnd*Tele +   (no boots)
Stlth    ++++......             (no amulet)
HPRegen  0.08/turn              o - ring of teleportation (curse)
MPRegen  0.08/turn              (no ring)

@: berserk cooldown, attractive
A: thin skeletal structure 1
a: no special abilities


You were on level 1 of the Dungeon.
You visited 1 branch of the dungeon, and saw 6 of its levels.

You collected 51 gold pieces.

Inventory:

Missiles
 n - 3 atropa-tipped darts (quivered)
Armour
 a - a +0 leather armour (worn)
Jewellery
 o - a cursed ring of teleportation (left hand)
Wands
 f - a wand of digging (3)
 i - a wand of enslavement (6)
Scrolls
 b - a scroll of fog
 c - a scroll of magic mapping
 d - a scroll of identify
 g - a scroll of teleportation {unknown}
 h - a scroll of enchant armour
 k - 2 scrolls of amnesia
Potions
 e - a potion of haste
 m - a potion of berserk rage


   Skills:
 - Level 3.0 Fighting
 - Level 1.7 Dodging
 - Level 4.5 Stealth
 + Level 3.0 Unarmed Combat


You had one spell level left.
You didn't know any spells.
Your spell library contained the following spells:

 Spells                   Type           Power        Failure   Level
 Beastly Appendage        Tmut           0%           41%         1
 Wereblood                Tmut           0%           56%         2
 Spider Form              Tmut/Pois      0%           80%         3
 Ice Form                 Ice/Tmut       0%           99%         4
 Blade Hands              Tmut           0%           100%        5


Dungeon Overview and Level Annotations

Branches:
Dungeon (6/15)
 Temple: D:4-7

Altars:
Fedhas


Innate Abilities, Weirdness & Mutations

You have a somewhat thin skeletal structure. (Dex +2, Stealth)


Message History

The hobgoblin barely misses you.
Your Unarmed Combat skill increases to level 3!
You hit the hobgoblin.
You kill the hobgoblin!
You are no longer berserk.
You are exhausted.
You feel yourself slow down.
A frilled lizard comes into view.
Okay, then.
It was a potion of attraction.
You feel attractive to monsters. The hobgoblin hits you with a +0 club.
* * * LOW HITPOINT WARNING * * *
The frilled lizard is pulled toward you!
It was a potion of cancellation.
Your magical effects are unravelling.
You feel magically purged.
You feel yourself speed up. The kobold closely misses you.
The hobgoblin hits you with a +0 club.
You die...

############
#..........#
#......>...#
#.!........#
#......($..#
#...)@..$..#
#..[.gK....#
.........###...
=.#.)....# .###
. #...l..# >#
#.......
.......#
.#......#


You could see a hobgoblin, a kobold and a frilled lizard (wandering).

Vanquished Creatures
  2 orcs (D:3)
  A giant cockroach (D:2)
  4 hobgoblins
  4 jackals (D:3)
  2 quokkas
  A frilled lizard (D:3)
  3 kobolds (D:3)
  A rat (D:3)
18 creatures vanquished.

Notes
Turn   | Place    | Note
-------+----------+-------------------------------------------
     0 | D:5      | Dustman the Demonspawn Delver began the quest for the Orb.
     0 | D:5      | Reached XP level 1. HP: 18/18 MP: 1/1
   150 | D:5      | Noticed a centaur
   161 | D:4      | Noticed a howler monkey
   177 | D:4      | Noticed an orc priest
   264 | D:5      | Noticed a centaur
   276 | D:5      | Noticed a hound
   361 | D:3      | Gained mutation: You have a somewhat thin skeletal
                  | structure. (Dex +2, Stealth) [demonic ancestry]
   361 | D:3      | Reached XP level 2. HP: 22/24 MP: 2/2
   392 | D:3      | Found a blossoming altar of Fedhas.
   526 | D:1      | HP: 1/24 [hobgoblin/+0 club (4)]
   527 | D:1      | Slain by a hobgoblin

Illustrated notes

Levels and vault maps discovered:
D:1:      dpeg_arrival_tiny_e, layout_rooms
D:2:      layout_loops_ring
D:3:      layout_basic, kennysheep_decorative_pillar, fedhas_altar_2,
          uniq_grinder
D:4:      layout_loops_cross, serial_rivers, chequers_serial_rivers_micro_c,
          chequers_serial_rivers_room_b, chequers_serial_rivers_micro_e,
          chequers_serial_rivers_room_b
D:5:      layout_loops_ring, uniq_edmund, uniq_eustachio, uniq_prince_ribbit1
D:6:      layout_loops_corners, st_stairs_7, uniq_crazy_yiuf_cottage

Skill      XL: |  1  2 |
---------------+-------+-----
Unarmed Combat | 2 3 |  3.0
Fighting       | |  3.0
Dodging        | |  1.7
Stealth        | |  4.5

Action                   || total
-------------------------++-------
Melee: Unarmed           ||    80
Evoke: Wand              ||     1
  Use: Scroll            ||     4
       Potion            ||     3
 Stab: Sleeping          ||     4
       Distracted        ||     1
Armor: Leather armour    ||    11
Dodge: Dodged            ||    56
